 Dungeon Crawl Stone Soup version 0.32-a0-834-geaf45d8e21 (webtiles) character file.

Game seed: 5942887690266041616

73 cforsyth the Caller (level 4, -1/24 HPs)
             Began as a Deep Elf Summoner on Mar 25, 2024.
             Slain by Sigmund
             ... wielding a +0 scythe
              (9 damage)
             ... on level 2 of the Dungeon.
             The game lasted 00:04:36 (1461 turns).

cforsyth the Caller (Deep Elf Summoner)             Turns: 1461, Time: 00:04:36

Health: -1/24      AC:  2    Str:  5    XL:     4   Next: 8%
Magic:  6/12       EV: 11    Int: 22    God:
Gold:   41         SH:  0    Dex: 15    Spells: 6/12 levels left

rFire   . . .        (no weapon)
rCold   . . .        (no shield)
rNeg    . . .        a - +0 robe
rPois   .            (no helmet)
rElec   .            (no cloak)
rCorr   .            (no gloves)
SInv    .            (no boots)
Will    .....        (no amulet)
Stlth   +            (no ring)
HPRegen 0.24/turn    (no ring)
MPRegen 0.13/turn

%: no passive effects
@: inugami summoned, very slow
A: no striking features
a: no special abilities


You were on level 2 of the Dungeon.
You visited 1 branch of the dungeon, and saw 2 of its levels.

You collected 41 gold pieces.


   Skills:
 - Level 2.4 Dodging
 - Level 2.4 Stealth
 + Level 4.7 Spellcasting
 + Level 5.3 Summonings


You had 6 spell levels left.
You knew the following spells:

 Your Spells              Type           Power      Damage    Failure   Level
c - Call Imp              Summ           56%        N/A       1%          2
f - Call Canine Familiar  Summ           28%        N/A       3%          3
z - Summon Small Mammal   Summ           100%       N/A       1%          1

Your spell library contained the following spells:

 Spells                   Type           Power      Damage    Failure   Level
 Summon Blazeheart Golem  Fire/Summ      17%        N/A       34%         4
 Summon Lightning Spire   Summ/Air       17%        N/A       34%         4
 Chain Lightning          Conj/Air       2%         3d3       100%        9
 Fire Storm               Conj/Fire      2%         8d1       100%        9
 Shatter                  Erth           2%         3d6*      100%        9

Inventory:

Armour
 a - a +0 robe (worn)
Magical Staves
 e - a staff of earth {!a}
Scrolls
 c - a scroll of butterflies {unknown}
 d - a scroll of teleportation {unknown}
 f - a scroll of torment {unknown}
 g - 2 scrolls of identify {unknown}
Potions
 b - a potion of magic
 h - a potion of curing {unknown}
 i - a potion of brilliance {unknown}
 j - 2 potions of heal wounds {unknown}

Dungeon Overview and Level Annotations

Branches:
Dungeon (2/15)

Altars:

Annotations:
D:2 Ijyb, Sigmund

~≈≈≈≈≈≈≈≈~♣ $...# ~≈≈≈≈≈≈≈~~♣
....##.# ~≈≈≈≈≈≈~~~♣♣....
#.###### ♣P~≈≈≈~≈~P~~♣.. #.#.....
♣~~~~~≈~P~~♣.# #.#.....
P~P♣~≈≈PP~~w.######.#.[...
#♣♣~P~~~~~~Ph♣.§.h..........
#.♣~P~~PP~§@♣♣!...##........
######.♣♣~~~~~♣~@~#..............
#.......~~P~~~~~♣##....##........
##.######~~~♣~~~♣ #....##........
.........♣♣~~~♣~# #######........
##.#####..~~♣♣~.# #..............
......<'...♣.♣..# #.#########....
.#.#.###........###.# #....
...#.##...........#.# ....P
...#.##.#####...#.#.# ....~.


You could see Sigmund (ally target), a dart slug and a friendly inugami
(summoned).


Message History

Okay, then.
Your unstable footing causes you to fumble your attack.
The dart slug bites your inugami but does no damage.
Unknown command.
Unknown command.
Unknown command.
Something hits you! The dart slug launches a dart at you.
The slug dart hits your inugami but does no damage.
Your inugami hits the dart slug.
Unknown command.
Unknown command.
Your unstable footing causes you to fumble your attack.
A magic dart appears from out of thin air!
The magic dart hits you!
* * * LOW HITPOINT WARNING * * *
Unknown command.
Unknown command.
Unknown command.
You feel less confused.
Your quokka disappears in a puff of smoke!
Unknown command.
Unknown command.
Reactivating autopickup.
Sigmund appears from thin air!
Sigmund completely misses you.
Your inugami barely misses Sigmund.
The dart slug bites your inugami but does no damage.
Sigmund hits you with a +0 scythe!
You die...
Sigmund begins carving another notch in his scythe.

Skill      XL: |  1  2 |
---------------+-------+-----
Spellcasting   | 4 |  4.7
Summonings     | 5 |  5.3
Dodging        | |  2.4
Stealth        | |  2.4

Action                     |  1- 3 |  4- 6 || total
---------------------------+-------+-------++-------
  Melee: Unarmed           |    12 |     4 ||    16
   Cast: Summon Small Mamm |    38 |     2 ||    40
         Call Imp          |    14 |     1 ||    15
         Call Canine Famil |     8 |     1 ||     9
 Armour: Robe              |    25 |     3 ||    28
  Dodge: Dodged            |    40 |     2 ||    42

Levels and vault maps discovered:
D:1:      spicycebolla_green_bress_n_ham_2, layout_rooms,
          minmay_indecisive_spiral
D:2:      kennysheep_the_goblin_king, layout_basic, serial_bayou,
          serial_bayou_pond_c, serial_bayou_lagoon_a, serial_bayou_shore_b,
          serial_bayou_lake_a, serial_bayou_pond_e, serial_bayou_pond_b,
          minmay_joined_circles, uniq_crazy_yiuf_cottage, uniq_sigmund

Notes
Turn   | Place    | Note
-------+----------+-------------------------------------------
     0 | D:1      | cforsyth the Deep Elf Summoner began the quest for the Orb.
     0 | D:1      | Reached XP level 1. HP: 10/10 MP: 6/6
   191 | D:1      | Reached XP level 2. HP: 15/15 MP: 3/8
   311 | D:1      | Learned a level 2 spell: Call Imp
   533 | D:1      | Reached skill level 4 in Spellcasting
   632 | D:1      | Reached skill level 5 in Summonings
   632 | D:1      | Reached XP level 3. HP: 19/19 MP: 2/10
   741 | D:1      | Learned a level 3 spell: Call Canine Familiar
  1164 | D:2      | Noticed Ijyb
  1429 | D:2      | Reached XP level 4. HP: 24/24 MP: 8/12
  1429 | D:2      | Noticed Sigmund
  1461 | D:2      | Slain by Sigmund

Vanquished Creatures
  A rat (D:1)
1 creature vanquished.

Vanquished Creatures (collateral kills)
  An adder (D:2)
  4 dart slugs
  A ball python (D:1)
  3 endoplasms
  3 giant cockroaches (D:1)
  5 hobgoblins (D:1)
  6 jackals (D:1)
  4 kobolds (D:1)
  A quokka (D:1)
  4 bats
  11 goblins
  4 rats
47 creatures vanquished.

Grand Total: 48 creatures vanquished

Table legend: (Time is in decaauts)
 A = Elapsed time spent in this place.
 B = Non-inter-level travel time spent in this place.
 C = Inter-level travel time spent in this place.
 D = Time resting spent in this place.
 E = Time spent auto-exploring this place.
 F = Levels seen in this place.
 G = Mean time per level.
                   A        B        C        D        E       F      G
               +--------+--------+--------+--------+--------+-----+--------+
         Total |   1467 |   1433 |     34 |     50 |    882 |   2 |  733.5 |
       Dungeon |   1467 |   1433 |     34 |     50 |    882 |   2 |  733.5 |
               +--------+--------+--------+--------+--------+-----+--------+

Top non-repeatable levels by time:
     D:1: 1120 daAuts
     D:2: 346 daAuts

Table legend:
 A = Non-vault XP
 B = Vault XP
 C = Vault XP percentage of total XP
 D = Non-vault monster count
 E = Vault monster count
 F = Vault count percentage of total count
                 A         B        C        D         E       F
            +---------+---------+-------+---------+---------+-------
      Total |      87 |      18 |  17.1 |      39 |       9 |  18.8
            +---------+---------+-------+---------+---------+-------
        D:1 |      63 |       8 |  11.3 |      32 |       4 |  11.1
        D:2 |      24 |      10 |  29.4 |       7 |       5 |  41.7
            +---------+---------+-------+---------+---------+-------
